 Dungeon Crawl Stone Soup version 0.30.0-10-gfe55d96785 (webtiles) character file.

Game seed: 11521465768416622897

445 GigaChad the Shield-Bearer (level 7, -2/48 (55) HPs)
             Began as a Formicid Fighter on May 15, 2023.
             Slain by a wight
             ... wielding a +5 spear
              (4 damage)
             ... on level 4 of the Dungeon.
             The game lasted 00:02:58 (3185 turns).

GigaChad the Shield-Bearer (Formicid Fighter)       Turns: 3185, Time: 00:02:59

HP:   -2/48 (55)    AC: 12    Str: 23    XL:     7   Next: 24%
MP:   7/7           EV:  5    Int:  7    God:
Gold: 225           SH:  9    Dex: 13    Spells: 6/6 levels left

rFire   . . .        a - +2 war axe
rCold   . . .        e - +0 kite shield
rNeg    . . .        s - +0 plate armour
rPois   .            (helmet unavailable)
rElec   .            (no cloak)
rCorr   .            (no gloves)
SInv    +            (no boots)
Will    .....        (no amulet) Stlth
                     (no ring)
HPRegen 0.28/turn    (no ring)
MPRegen 0.10/turn

%: no passive effects
@: heavily drained
A: permanent stasis, dig shafts and tunnels, antennae 3, four strong arms
a: Dig, Shaft Self


You were on level 4 of the Dungeon.
You visited 1 branch of the dungeon, and saw 4 of its levels.

You collected 225 gold pieces.

Inventory:

Hand Weapons
 a - a +2 war axe (weapon)
Missiles
 r - a throwing net
Armour
 b - a +0 scale mail
 c - a +0 buckler
 e - a +0 kite shield (worn)
 s - a +0 plate armour (worn)
Jewellery
 t - a ring of positive energy
 v - a ring of protection from cold
Wands
 u - a wand of quicksilver (8)
Scrolls
 g - 3 scrolls of poison
 o - a scroll of silence
 p - a scroll of fear {unknown}
Potions
 d - a potion of might
 f - 2 potions of magic {unknown}
 h - 5 potions of curing {unknown}
 i - 2 potions of flight
 j - 2 potions of lignification {unknown}
 k - a potion of brilliance {unknown}
 l - a potion of heal wounds {unknown}
 m - a potion of degeneration {unknown}
 n - a potion of haste {unknown}
 q - a potion of ambrosia {unknown}


   Skills:
 * Level 4.3 Fighting
 * Level 5.2 Axes
 * Level 4.9 Armour
 * Level 5.4 Shields


You had 6 spell levels left.
You didn't know any spells.
Your spell library contained the following spells:

 Spells                   Type           Power      Damage    Failure   Level
 Sublimation of Blood     Necr           0%         N/A       100%        2
 Wereblood                Tmut           0%         N/A       100%        2
 Summon Hydra             Summ           0%         N/A       100%        7


Dungeon Overview and Level Annotations

Branches:
Dungeon (4/15)
 Temple: D:4-7

Altars:
Vehumet

Shops:
D:3 [


Innate Abilities, Weirdness & Mutations

You cannot be hasted, slowed, berserked, paralysed or teleported.
You can dig through walls and to a lower floor.
You have a pair of large antennae on your head. (SInv)
Your four strong arms can wield two-handed weapons with a shield.


Message History

The wight is lightly damaged.
The wight hits you with a +5 spear!
There are monsters nearby!
You hit the wight.
The wight is moderately damaged.
The wight hits you from afar with a +5 spear.
You closely miss the wight. You block the wight's attack.
The wight hits you but does no damage.
You hit the wight but do no damage. The wight hits you but does no damage.
Unknown command.
You hit the wight.
The wight is lightly damaged.
The wight hits you but does no damage. You block the wight's attack.
The wight completely misses you. The wight hits you but does no damage.
Unknown command.
You hit the wight.
The wight is lightly damaged.
The wight hits you with a +1 long sword!
The wight hits you from afar with a +5 spear.
* * * LOW HITPOINT WARNING * * *
You feel drained.
* * * LOW HITPOINT WARNING * * *
You are too injured to fight recklessly!
Unknown command.
You are too injured to fight recklessly!
Unknown command.
You are too injured to fight recklessly!
Unknown command.
Unknown command.
You hit the wight.
The wight is moderately damaged.
The wight hits you with a +1 long sword.
* * * LOW HITPOINT WARNING * * *
You feel drained.
* * * LOW HITPOINT WARNING * * *
A kobold comes into view.
It is wielding a +0 flail and carrying a wand of flame (26).
The wight hits you from afar with a +5 spear.
* * * LOW HITPOINT WARNING * * *
The wight hits you from afar with a +5 spear.
You die...

########.....#+#...#'#.##
{ { #.......#...#..... {
#.......##+##.....
#####........ #.....
#............ #+#.##
.....##$....... #.+ ....
#.......# ### ...
#......## .. #@z..#.# .
#....#... #z.......
#.##..... K.. ..... #..
..... { #.. .... #(.. ..#


You could see 2 wights and a kobold (wandering).

Vanquished Creatures
  Sigmund (D:2)
  A necrophage (D:4)
  An orc priest (D:4)
  A sleepcap (D:3)
  2 orc wizards
  A hound skeleton (D:4)
  2 adders
  An ufetubus (D:4)
  3 dart slugs
  5 orcs
  12 ball pythons
  2 endoplasms (D:1)
  3 giant cockroaches
  7 goblins
  4 hobgoblins
  8 jackals
  3 quokkas
  3 bats (D:1)
  4 frilled lizards
  5 kobolds
  6 rats
75 creatures vanquished.

Notes
Turn   | Place    | Note
-------+----------+-------------------------------------------
     0 | D:1      | GigaChad the Formicid Fighter began the quest for the Orb.
     0 | D:1      | Reached XP level 1. HP: 18/18 MP: 1/1
    90 | D:1      | Reached XP level 2. HP: 23/24 MP: 2/2
   225 | D:1      | Reached XP level 3. HP: 29/29 MP: 3/3
  1489 | D:2      | Reached XP level 4. HP: 37/37 MP: 4/4
  1496 | D:2      | Noticed Sigmund
  1504 | D:2      | Killed Sigmund
  1505 | D:2      | Reached skill level 5 in Shields
  1505 | D:2      | Reached XP level 5. HP: 38/42 MP: 5/5
  1505 | D:2      | Reached XP level 6. HP: 43/48 MP: 6/6
  2118 | D:3      | Found Kampuwaf's Antique Armour Shop.
  2778 | D:4      | Found a radiant altar of Vehumet.
  2940 | D:4      | Reached skill level 5 in Axes
  2940 | D:4      | Reached XP level 7. HP: 35/55 MP: 7/7
  3185 | D:4      | HP: 2/48 [wight/+5 spear (6)]
  3185 | D:4      | Slain by a wight

Illustrated notes

Levels and vault maps discovered:
D:1:      dpeg_arrival_simpleton_a, layout_basic
D:2:      layout_basic, uniq_sigmund
D:3:      layout_loops_corners, serial_shops, nicolae_shop_just_a_little_nook,
          chequers_big_river
D:4:      nicolae_cairo_tiling_large, layout_cave_pools,
          makhleb_blood_cavern_becter, kennysheep_mini_moat, minmay_pentangle

Skill      XL: |  1  2  3  4  5  6 |
---------------+-------------------+-----
Armour         | 4 |  4.9
Fighting       | 4 |  4.3
Axes           | 4 5 |  5.2
Shields        | 5 |  5.4

Action                     |  1- 3 |  4- 6 |  7- 9 || total
---------------------------+-------+-------+-------++-------
  Melee: War axe           |   110 |    78 |    19 ||   207
    Use: Scroll            |     4 |     5 |       ||     9
 Armour: Scale mail        |    54 |    24 |       ||    78
         Plate armour      |       |    16 |     6 ||    22
  Dodge: Dodged            |    54 |    16 |     6 ||    76
  Block: Buckler           |    17 |       |       ||    17
         Kite shield       |    18 |    38 |    11 ||    67
